 Dungeon Crawl Stone Soup version 0.24-a0-809-g71cb82dfb8 (webtiles) character file.

Game seed: 10964320677472491600, levelgen mode: deterministic

57 Kae the Insei (level 3, -4/29 HPs)
             Began as a Demonspawn Monk on Oct 11, 2019.
             Slain by a wyvern zombie (7 damage)
             ... on level 3 of the Dungeon.
             The game lasted 00:01:36 (1801 turns).

Kae the Insei (Demonspawn Monk)                     Turns: 1801, Time: 00:01:36

Health: -4/29      AC:  4    Str: 11    XL:     3   Next: 73%
Magic:  3/3        EV: 18    Int: 11    God:
Gold:   79         SH:  0    Dex: 21    Spells: 2/2 levels left

rFire    . . .     SeeInvis .     - Unarmed
rCold    . . .     Gourm    .   (no shield)
rNeg     . . .     Faith    .   a - +0 robe
rPois    .         Spirit   .   j - +1 helmet
rElec    .         Reflect  .   (no cloak)
rCorr    .         Harm     .   (no gloves)
MR       .....                  (no boots)
Stlth    +++.......             (no amulet)
HPRegen  0.09/turn              (no ring)
MPRegen  0.08/turn              (no ring)

@: agile
A: powered by pain 1
a: no special abilities


You were on level 3 of the Dungeon.
You were hungry.

You visited 1 branch of the dungeon, and saw 3 of its levels.

You collected 79 gold pieces.

Inventory:

Missiles
 k - 10 boomerangs (quivered)
Armour
 a - a +0 robe (worn)
 j - a +1 helmet (worn)
Scrolls
 d - a scroll of teleportation
 g - a scroll of identify
Potions
 c - a potion of cancellation
Comestibles
 b - 6 rations


   Skills:
 - Level 3.0 Fighting
 - Level 2.6 Dodging
 - Level 1.7 Stealth
 + Level 4.3 Unarmed Combat


You had 2 spell levels left.
You didn't know any spells.
Your spell library was empty.

Dungeon Overview and Level Annotations

Branches:
Dungeon (3/15)

Altars:
Gozag


Innate Abilities, Weirdness & Mutations

You sometimes gain a little power by taking damage.


Message History

You aren't carrying any items that you can evoke.
Unknown command.
You completely miss the bat.
The bat is severely wounded.
The bat closely misses you.
You closely miss the bat.
The bat is severely wounded.
The bat closely misses you. The bat barely misses you.
You hit the bat.
You kill the bat!
You hit the wyvern zombie but do no damage.
The wyvern zombie is heavily damaged.
The wyvern zombie bites you!
* * * LOW HITPOINT WARNING * * *
You barely miss the wyvern zombie.
The wyvern zombie is heavily damaged.
The wyvern zombie bites you.
* * * LOW HITPOINT WARNING * * *
The wyvern zombie bites you!
You die...

. #...# #. #.#.# #.#
##...##### #[##
##.......(.
#.###w##.......
#....###<......
.#### #...##
#.......
......####w..#
##......
.......@Zll.<#
#......
#####.#####..#
#...... # #..#
####.## #..# #....#
#..# #...##
#..#####...###
#..##.........
.#####.[##..รท......
........##.).......


You could see a worm, a wyvern zombie, a leopard gecko and a frilled lizard.

Vanquished Creatures
  2 adders (D:3)
  An ooze (D:2)
  A leopard gecko (D:1)
  A ball python (D:2)
  3 giant cockroaches (D:2)
  6 goblins
  5 hobgoblins
  4 kobolds
  4 bats
  2 frilled lizards
  A rat (D:3)
30 creatures vanquished.

Notes
Turn   | Place    | Note
-------+----------+-------------------------------------------
     0 | D:1      | Kae the Demonspawn Monk began the quest for the Orb.
     0 | D:1      | Reached XP level 1. HP: 18/18 MP: 1/1
   119 | D:1      | Reached skill level 3 in Unarmed Combat
   209 | D:1      | Gained mutation: You sometimes gain a little power by
                  | taking damage. [demonic ancestry]
   209 | D:1      | Reached XP level 2. HP: 10/24 MP: 2/2
   886 | D:2      | Reached XP level 3. HP: 20/29 MP: 3/3
  1282 | D:2      | Found an opulent altar of Gozag.
  1384 | D:3      | Reached skill level 4 in Unarmed Combat
  1476 | D:3      | HP: 1/29 [wyvern zombie (11)]
  1801 | D:3      | Slain by a wyvern zombie

Levels and vault maps discovered:
D:1:      eino_arrival_cavern_b, layout_loops_cross
D:2:      layout_rooms, lemuel_round_altar
D:3:      layout_loops_ring, grunt_temple_overflow_forces_of_nature,
          lemuel_doored_altar, saegor_snake_ambush

Skill      XL: |  1  2  3 |
---------------+----------+-----
Unarmed Combat | 3 4 |  4.3
Fighting       | |  3.0
Dodging        | |  2.6
Stealth        | |  1.7

Action                   || total
-------------------------++-------
Melee: Unarmed           ||   117
       Punch             ||     2
  Use: Scroll            ||     5
       Potion            ||     4
 Stab: Sleeping          ||     5
  Eat: Chunk             ||     2
Armor: Robe              ||    20
Dodge: Dodged            ||   104

Table legend:
 A = Non-vault XP
 B = Vault XP
 C = Vault XP percentage of total XP
 D = Non-vault monster count
 E = Vault monster count
 F = Vault count percentage of total count
                 A         B        C        D         E       F
            +---------+---------+-------+---------+---------+-------
      Total |      82 |       0 |   0.0 |      30 |       0 |   0.0
            +---------+---------+-------+---------+---------+-------
        D:1 |      19 |       0 |   0.0 |      10 |       0 |   0.0
        D:2 |      31 |       0 |   0.0 |      14 |       0 |   0.0
        D:3 |      32 |       0 |   0.0 |       6 |       0 |   0.0
            +---------+---------+-------+---------+---------+-------
